 Dungeon Crawl Stone Soup version 0.31.0-12-g77e489cdc1 (webtiles) character file.

Game seed: 1077598060362028689

35 cdecastro the Grasshopper (level 3, -3/29 HPs)
             Began as an Armataur Warper on Feb 23, 2024.
             Slain by a gnoll
             ... wielding a +2 flail of holy wrath
              (10 damage)
             ... on level 1 of the Dungeon.
             The game lasted 00:01:53 (1014 turns).

cdecastro the Grasshopper (Armataur Warper)         Turns: 1014, Time: 00:01:54

Health: -3/29      AC:  4    Str: 18    XL:     3   Next: 16%
Magic:  5/5        EV:  9    Int: 13    God:
Gold:   46         SH:  0    Dex:  9    Spells: 5/5 levels left

rFire   . . .        a - +0 mace
rCold   . . .        (no shield)
rNeg    . . .        b - +0 leather armour
rPois   .            (no helmet)
rElec   .            (no cloak)
rCorr   .            (no gloves)
SInv    .            (no barding)
Will    .....        (no amulet)
Stlth   +            (no ring)
HPRegen 0.24/turn    (no ring)
MPRegen 0.09/turn

%: roll
@: no status effects
A: large, deformed body, tough skin 3, armoured tail, roll 1
a: no special abilities


You were on level 1 of the Dungeon.
You visited 1 branch of the dungeon, and saw 2 of its levels.

You collected 46 gold pieces.

Inventory:

Hand Weapons
 a - a +0 mace (weapon)
Missiles
 d - 7 darts of dispersal (quivered)
 e - 7 stones
 m - 3 poisoned darts
Armour
 b - a +0 leather armour (worn)
 h - a +0 pair of gloves
Scrolls
 c - a scroll of blinking
 f - a scroll of teleportation {unknown}
 i - a scroll of silence {unknown}
 j - 2 scrolls of identify {unknown}
Potions
 g - 2 potions of lignification {unknown}
 k - a potion of haste {unknown}
 l - a potion of attraction {unknown}


   Skills:
 - Level 1.7 Fighting
 * Level 2.9 Maces & Flails
 - Level 0.8 Throwing
 - Level 1.2 Armour
 - Level 1.3 Dodging
 - Level 1.7 Spellcasting
 + Level 3.4 Translocations


You had 5 spell levels left.
You didn't know any spells.
Your spell library contained the following spells:

 Spells                   Type           Power      Damage    Failure   Level
 Blink                    Tloc           20%        N/A       11%         2
 Lesser Beckoning         Tloc           20%        N/A       11%         2
 Teleport Other           Tloc           10%        N/A       22%         3
 Manifold Assault         Tloc           10%        N/A       58%         4
 Vhi's Electric Charge    Tloc/Air       10%        N/A       83%         4


Dungeon Overview and Level Annotations

Branches:
Dungeon (2/15)

Altars:


Innate Abilities, Weirdness & Mutations

Armour fits poorly on your strangely shaped body.
You have extremely tough skin. (AC +3)
You have a long armoured tail.
You regenerate magic when rolling toward enemies. (Rampage MPRegen)


Message History

There is a stone staircase leading up here.
A goblin comes into view. It is wielding a +0 club.
The goblin shouts!
You hear a shout!
A goblin is nearby!
A goblin is nearby!
A ball python comes into view.
A gnoll comes into view. It is wielding a +0 spear. x2
You roll towards the goblin!
A gnoll comes into view.
It is wielding a +2 flail of holy wrath.
Found a whip.
You closely miss the goblin.
The gnoll shouts! x2; The ball python hisses angrily.
A goblin comes into view. It is wielding a +0 dagger.
The goblin closely misses you.
The gnoll moves out of view.
The goblin shouts!
You hit the goblin.
Your tail-slap misses the goblin.
The goblin is moderately wounded.
The goblin hits you with a +0 club. The goblin closely misses you.
You sock the goblin!
You kill the goblin!
The ball python bites you but does no damage.
You thump the ball python!
You kill the ball python!
The gnoll hits you but does no damage. The gnoll attacks as it pursues you!
The gnoll hits you from afar with a +0 spear.
The gnoll hits you but does no damage.
The gnoll hits you from afar with a +0 spear.
There is a stone staircase leading up here.
There is a stone staircase leading up here.
The gnoll hits you from afar with a +0 spear!
The gnoll hits you with a +2 flail of holy wrath!
* * * LOW HITPOINT WARNING * * *
The gnoll barely misses you.
You climb upwards.
There is a stone staircase leading down here.
Unknown command.
You hit the gnoll but do no damage. The gnoll barely misses you.
You barely miss the gnoll.
Your tail-slap misses the gnoll.
The gnoll hits you with a +2 flail of holy wrath!
You die...

#....# #.##.#######.#..###.#
#....###.##.####...........#
##
#.#.###...........#........#
##. #.#.#
#..##.........##.....###.#
#.#.#
#..##..##.#....#........##
#.#.#
#..##................###.#
##.#.# #..##..##.#....#.....#
##.
.....###..##..###g...##.#.###
#.
.###............@...[##.#.#
#. .#
#......................# ##
.###.###.##...#.##...##.###
.....# #.#.#............#
###### #..........).#######
#####.#.####.###...## #..##
#.##.###.## #####.## #...##
##.## #..)..######..## ##.#


You could see a gnoll.

Vanquished Creatures
  2 dart slugs (D:1)
  4 ball pythons
  4 endoplasms (D:1)
  2 hobgoblins (D:1)
  3 quokkas (D:1)
  3 bats
  3 frilled lizards (D:1)
  3 goblins
  2 kobolds (D:1)
  4 rats (D:1)
30 creatures vanquished.

Notes
Turn   | Place    | Note
-------+----------+-------------------------------------------
     0 | D:1      | cdecastro the Armataur Warper began the quest for the Orb.
     0 | D:1      | Reached XP level 1. HP: 17/17 MP: 3/3
   112 | D:1      | Reached XP level 2. HP: 24/24 MP: 4/4
   750 | D:1      | Reached XP level 3. HP: 29/29 MP: 5/5
  1014 | D:1      | Slain by a gnoll

Illustrated notes

Levels and vault maps discovered:
D:1:      dpeg_arrival_pond, layout_loops_ring
D:2:      layout_rooms, uniq_natasha

Skill      XL: |  1 |
---------------+----+-----
Maces & Flails | 2 |  2.9
Fighting       | |  1.7
Throwing       | |  0.8
Armour         | |  1.2
Dodging        | |  1.3
Spellcasting   | |  1.7
Translocations | |  3.4

Action                     || total
---------------------------++-------
  Melee: Mace              ||    93
         Tailslap          ||     5
         Punch             ||     1
 Armour: Leather armour    ||    81
  Dodge: Dodged            ||    53
